Map: Lightshade LE

Players

Bunny

  • Race: Terran Terran
  • Spawn Location: 5:00

INnoVation - Winner!

  • Race: Terran Terran
  • Spawn Location: 11:00

Event: IEM Katowice 2021

VOD

Have the link to the VOD?

Description

Time

  • Played on: Feb. 23, 2021, 12:15 p.m.
  • Length: 8:02

All games in this series

Show
View Real Time Build Order
Export as new Build Order

Bunny Terran 

Build Orders:  

Get SALT Encoding   

  12  0:00  SCV  
  13  0:12  SCV  
  14  0:16  Supply Depot  
  14  0:25  SCV  
  15  0:38  SCV  
  15  0:40  Barracks  
  16  0:42  Refinery  
  16  0:50  SCV  
  16  0:52  Refinery  
  17  1:02  SCV  
  18  1:14  SCV  
  19  1:27  Reaper, Orbital Command  
  19  1:28  Supply Depot  
  20  1:42  Factory  
  20  1:53  SCV  
  21  1:59  Reaper  
  22  2:05  SCV  
  23  2:17  SCV  
  24  2:23  Command Center  
  24  2:27  Hellion  
  26  2:30  SCV  
  26  2:32  Reaper  
  28  2:38  Supply Depot  
  28  2:42  SCV  
  29  2:49  Hellion  
  31  2:54  Starport  
  31  3:00  SCV  
  31  3:05  Barracks Reactor  
  32  3:10  Factory Tech Lab  
  32  3:12  SCV  
  33  3:24  SCV  
  32  3:33  Starport Tech Lab  
  32  3:37  SCV  
  32  3:38  Orbital Command  
  32  3:40  Cyclone, Marine x2  
  36  3:49  SCV  
  37  3:58  Raven  
  37  4:01  SCV  
  40  4:04  Refinery  
  40  4:06  Marine x2  
  42  4:11  SCV  
  42  4:13  SCV, Supply Depot  
  42  4:22  Siege Tank  
  42  4:23  SCV  
  45  4:24  Marine  
  45  4:25  SCV, Marine  
  48  4:34  Command Center  
  48  4:35  SCV  
  50  4:38  SCV  
  50  4:40  Refinery  
  50  4:45  Raven  
  52  4:47  SCV  
  52  4:48  Marine x2  
  52  4:50  SCV  
  56  4:53  Supply Depot  
  56  5:00  Siege Tank  
  56  5:01  SCV  
  56  5:02  SCV  
  56  5:06  Marine, Supply Depot  
  62  5:12  Supply Depot  
  62  5:15  Marine  
  62  5:16  SCV x2  
  65  5:22  Supply Depot  
  65  5:28  SCV, Supply Depot  
  65  5:29  SCV  
  65  5:34  Siege Tank  
  70  5:39  Viking x2  
  70  5:41  SCV x2  
  76  5:42  Marine  
  76  5:47  Orbital Command  
  77  5:52  Stimpack  
  77  5:54  SCV x2  
  79  6:00  Marine  
  80  6:06  Siege Tank  
  80  6:09  Viking x2  
  80  6:10  Supply Depot  
  87  6:19  Marine  
  87  6:21  SCV x2  
  87  6:23  Orbital Command  
  90  6:33  Barracks x2  
  90  6:38  Siege Tank, Viking  
  90  6:39  SCV, Viking  
  98  6:41  SCV  
  99  6:51  Engineering Bay  
  99  6:53  Engineering Bay  
  99  6:57  SCV x3  
  102  7:01  Marine  
  103  7:08  Viking  
  103  7:09  Viking  
  103  7:10  Siege Tank  
  110  7:22  Barracks Reactor x2  
  109  7:28  SCV x3  
  112  7:40  SCV x3  
Show
View Real Time Build Order
Export as new Build Order

INnoVation Terran - Winner!

Build Orders:  

Get SALT Encoding   

  12  0:00  SCV  
  13  0:12  SCV  
  14  0:17  Supply Depot  
  14  0:24  SCV  
  15  0:39  SCV  
  15  0:40  Barracks  
  16  0:43  Refinery  
  16  0:51  SCV  
  16  0:52  Refinery  
  17  1:03  SCV  
  18  1:15  SCV  
  19  1:27  Reaper, Orbital Command  
  19  1:28  Supply Depot  
  20  1:41  Factory  
  20  1:53  SCV  
  21  1:59  Reaper  
  22  2:05  SCV  
  23  2:17  Command Center  
  23  2:20  SCV  
  24  2:26  Hellion  
  26  2:31  Barracks Reactor  
  26  2:32  SCV  
  27  2:37  Supply Depot  
  27  2:44  SCV  
  27  2:48  Widow Mine  
  30  2:54  Starport  
  30  2:56  SCV  
  31  3:08  Marine x2  
  31  3:09  SCV, Factory Tech Lab  
  34  3:16  Refinery  
  34  3:22  SCV  
  35  3:29  Orbital Command  
  35  3:32  Cyclone  
  37  3:35  Marine x2  
  37  3:39  Starport Tech Lab  
  40  3:41  SCV  
  40  3:52  Marine x2  
  40  3:54  SCV  
  40  3:55  SCV  
  40  4:00  Raven  
  40  4:06  SCV  
  40  4:08  SCV  
  41  4:10  Marine x2  
  41  4:11  Siege Tank  
  41  4:16  Supply Depot  
  46  4:20  SCV x2  
  47  4:28  Marine x2  
  49  4:32  SCV x2  
  49  4:35  Supply Depot  
  51  4:43  Raven, Siege Tank  
  51  4:44  SCV x2  
  58  4:46  Marine x2  
  60  4:56  SCV x2  
  60  4:59  Supply Depot  
  62  5:04  Marine x2  
  62  5:06  Command Center  
  64  5:09  SCV x2  
  66  5:15  Siege Tank, Refinery  
  66  5:21  SCV x2  
  71  5:22  Supply Depot  
  71  5:33  SCV x2  
  71  5:34  Marine  
  74  5:35  Viking  
  74  5:36  Stimpack, Viking  
  78  5:45  SCV x2, Supply Depot  
  78  5:48  Siege Tank  
  83  5:52  Marine  
  83  5:55  Supply Depot  
  84  5:57  SCV x2  
  86  6:07  Viking  
  86  6:08  Barracks  
  86  6:09  Barracks, Viking  
  90  6:11  SCV  
  90  6:13  SCV  
  90  6:18  Orbital Command  
  92  6:19  Marine  
  92  6:23  Siege Tank  
  95  6:31  SCV  
  95  6:32  SCV  
  97  6:37  Viking  
  97  6:38  Orbital Command  
  97  6:39  Viking  
  101  6:46  SCV x2, Engineering Bay  
  103  6:49  Engineering Bay  
  103  6:55  Supply Depot, Siege Tank  
  103  6:56  Barracks Reactor x2  
  103  6:58  SCV x2  
  108  7:05  Barracks  
  108  7:06  Barracks  
  108  7:10  SCV x3  
  111  7:21  Marine  
  111  7:22  SCV x3  
  115  7:27  Viking x2  
  122  7:38  Supply Depot  
  122  7:39  Supply Depot  
  122  7:43  SCV x2  
  122  7:58  Barracks Reactor x2  

Tags
 
Add a new tag
Caveats
  • Supply blocks, unpowered buildings, or Contaminate may cause inaccurate times.
  • Supply counts are checked every 10 seconds.